 Dungeon Crawl Stone Soup version 0.21-a0-521-g1cd18d1 (webtiles) character file.

193 slep the Chopper (level 5, 0/41 HPs)
             Began as a Demonspawn Gladiator on Dec 6, 2017.
             Slain by a gnoll
             ... wielding a +3 spear
              (9 damage)
             ... on level 2 of the Dungeon.
             The game lasted 00:05:01 (1294 turns).

slep the Chopper (Demonspawn Gladiator)             Turns: 1294, Time: 00:05:01

Health: 0/41       AC:  7    Str: 15    XL:     5   Next: 44%
Magic:  5/5        EV: 12    Int:  9    God:
Gold:   123        SH:  0    Dex: 15    Spells: 4/4 levels left

rFire    . . .     SeeInvis .   a - +0 war axe
rCold    . . .     Gourm    .   (no shield)
rNeg     . . .     Faith    .   e - +0 ring mail
rPois    .         Spirit   .   (helmet restricted)
rElec    .         Reflect  .   (no cloak)
rCorr    .         Harm     .   (no gloves)
MR       .....                  (no boots)
Stlth    +.........             (no amulet)
HPRegen  0.13/turn              (no ring)
MPRegen  0.09/turn              (no ring)

@: no status effects
A: horns 1, icy blue scales 1
a: no special abilities


You were on level 2 of the Dungeon.
You were not hungry.

You visited 1 branch of the dungeon, and saw 2 of its levels.

You collected 123 gold pieces.

Inventory:

Hand Weapons
 a - a +0 war axe (weapon)
 r - a +2 hunting sling of freezing
Missiles
 d - 2 throwing nets (quivered)
Armour
 b - a +0 leather armour
 c - a +0 helmet
 e - a +0 ring mail (worn)
Scrolls
 i - 2 scrolls of teleportation {unknown}
 k - a scroll of remove curse {unknown}
 l - a scroll of amnesia {unknown}
 p - a scroll of random uselessness {unknown}
 q - a scroll of fear {unknown}
Potions
 h - 2 potions of lignification {unknown}
 j - 2 potions of magic {unknown}
 n - a potion of cancellation {unknown}
 o - a potion of brilliance {unknown}
 s - a potion of flight {unknown}
Comestibles
 f - 3 bread rations
 g - 6 fruits
 m - a meat ration


   Skills:
 + Level 3.1 Fighting
 + Level 4.2 Axes
 + Level 1.9 Throwing
 + Level 1.6 Armour
 + Level 3.2 Dodging
 + Level 0.3 Stealth


You had 4 spell levels left.
You didn't know any spells.

Dungeon Overview and Level Annotations

Branches:
Dungeon (2/15)

Altars:


Innate Abilities, Weirdness & Mutations

You have a pair of small horns on your head.
You are partially covered in icy blue scales. (AC +2)


Message History

The bat hits you but does no damage. x2
The bat barely misses you. The bat hits you but does no damage.
The bat barely misses you. The bat closely misses you.
The bat hits you but does no damage.
You hit the bat.
The bat is severely wounded.
The bat closely misses you. The bat misses you.
You barely miss the bat. Your headbutt misses the bat.
The bat is heavily wounded.
The bat misses you. The bat hits you but does no damage.
The bat barely misses you. The bat closely misses you.
The bat hits you but does no damage. x2
You slash the bat!
You kill the bat!
The gnoll hits you from afar with an enchanted spear!
You die...

#####.# #..#.# #
#.#####..#.# #
#....##..#.# #
####.##..#.# #.##....#
###########.##.###########
#.........÷.##.....)..((.(
#.########################
#.#......@†gg.............
#.####...#################
#.# #...# # #.# #...# #
#.# #...# #.# #...#######
#.# #.......... #.#
#).######## #.# #†.#


You could see 2 gnolls.

Vanquished Creatures
  An ogre (D:2)
  Jessica (D:2)
  2 gnolls (D:2)
  An adder (D:2)
  A dart slug (D:1)
  2 leopard geckos (D:2)
  4 ball pythons (D:1)
  7 goblins
  6 hobgoblins
  3 jackals (D:2)
  2 quokkas (D:2)
  7 bats
  8 kobolds
  6 rats
51 creatures vanquished.

Notes
Turn   | Place    | Note
-------+----------+-------------------------------------------
     0 | D:1      | slep the Demonspawn Gladiator began the quest for the Orb.
     0 | D:1      | Reached XP level 1. HP: 16/16 MP: 1/1
    47 | D:1      | Gained mutation: You have a pair of small horns on your head. [demonic ancestry]
    47 | D:1      | Reached XP level 2. HP: 15/22 MP: 2/2
    62 | D:1      | Reached skill level 3 in Axes
   863 | D:2      | Gained mutation: You are partially covered in icy blue scales. (AC +2) [demonic ancestry]
   863 | D:2      | Reached XP level 3. HP: 27/27 MP: 3/3
  1094 | D:2      | Noticed an ogre
  1104 | D:2      | Killed an ogre
  1104 | D:2      | Reached skill level 4 in Axes
  1104 | D:2      | Reached XP level 4. HP: 26/35 MP: 4/4
  1104 | D:2      | Reached XP level 5. HP: 30/41 MP: 5/5
  1192 | D:2      | Reached skill level 1 in Armour
  1232 | D:2      | Noticed Jessica
  1237 | D:2      | Killed Jessica
  1294 | D:2      | Slain by a gnoll

Vault maps used:
D:1:      lightli_arrival_isolated_outpost
D:2:      uniq_jessica

Skill      XL: |  1  2  3  4  5 |
---------------+----------------+-----
Axes           | 3 4 |  4.2
Dodging        | 3 |  3.2
Fighting       | 3 |  3.1
Armour         | 1 |  1.6
Throwing       | |  1.9
Stealth        | |  0.3

Action                   |  1- 3 |  4- 6 || total
-------------------------+-------+-------++-------
Melee: War axe           |    96 |    26 ||   122
       Headbutt          |    11 |     4 ||    15
Throw: Throwing net      |     1 |       ||     1
 Stab: Held in net/web   |     1 |       ||     1
  Eat: Chunk             |       |     1 ||     1
Armor: Leather armour    |     3 |       ||     3
       Ring mail         |    31 |    21 ||    52
Dodge: Dodged            |    86 |    56 ||   142

Table legend:
 A = Spawn XP
 B = Non-spawn XP
 C = Spawn XP percentage of total XP
 D = Spawn monster count
 E = Non-spawn monster count
 F = Spawn count percentage of total count
 G = Total turns spent on level
                    A         B        C        D         E        F      G
               +---------+---------+-------+---------+---------+-------+---------
         Total |       0 |     277 |   0.0 |       0 |      51 |   0.0 |  1294
               +---------+---------+-------+---------+---------+-------+---------
           D:1 |       0 |      39 |   0.0 |       0 |      25 |   0.0 |   797
           D:2 |       0 |     238 |   0.0 |       0 |      26 |   0.0 |   497
               +---------+---------+-------+---------+---------+-------+---------
